 Dungeon Crawl Stone Soup version 0.28.0 (webtiles) character file.

Game seed: 16412231164455213869

7928 adizb the Fighter (level 11, -5/102 HPs)
             Began as a Minotaur Fighter on Feb 7, 2022.
             Was a Believer of Cheibriados.
             Slain by a troll (9 damage)
             ... on level 9 of the Dungeon.
             The game lasted 00:40:36 (7208 turns).

adizb the Fighter (Minotaur Fighter)                Turns: 7208, Time: 00:40:41

Health: -5/102     AC: 13    Str: 35    XL:     11   Next: 3%
Magic:  10/10      EV:  8    Int:  9    God:    Cheibriados [**....]
Gold:   881        SH: 11    Dex: 15    Spells: 10/10 levels left

rFire   + . .      SeeInvis .   f - +9 mace of Darkness {freeze, rC+ rCorr Str+2}
rCold   + + .      Faith    .   g - +0 kite shield
rNeg    . . .      Spirit   .   u - +0 chain mail
rPois   +          Reflect  .   (helmet restricted)
rElec   +          Harm     .   d - +1 cloak {rCorr}
rCorr   +          Rampage  .   (no gloves)
Will    .....                   (no boots)
Stlth   ..........              A - amulet of regeneration
HPRegen 1.07/turn               C - ring "Ryenkid" {rElec rPois rC+ Str+5 Stlth+}
MPRegen 0.12/turn               a - ring of protection from fire

@: mighty, very slow
A: horns 2, retaliatory headbutt
a: Renounce Religion, Bend Time


You were on level 9 of the Dungeon.
You worshipped Cheibriados.
Cheibriados was pleased with you.
You visited 2 branches of the dungeon, and saw 10 of its levels.
You also visited: Ossuary.

You collected 1642 gold pieces.
You spent 761 gold pieces at shops.

Inventory:

Hand Weapons
 b - a +0 club
 f - the +9 mace of Darkness (weapon) {freeze, rC+ rCorr Str+2}
   (You found it on level 2 of the Dungeon)

   It freezes those it strikes, dealing additional cold damage.
   It can also slow down cold-blooded creatures.
   Str:       It affects your strength (+2).
   rC:        It protects you from cold.
   rCorr:     It protects you from acid and corrosion.
Missiles
 h - 20 poisoned darts (quivered)
 n - a curare-tipped dart
 x - 2 throwing nets
Armour
 d - a +1 cloak of preservation (worn)
 g - a +0 kite shield (worn)
 u - a +0 chain mail (worn)
Jewellery
 a - a ring of protection from fire (right hand)
 q - the amulet of Esib {Faith *Slow Str+3 Int-4 Dex+8}
   (You found it on level 4 of the Dungeon)

   [amulet of faith]

   It allows you to gain divine favour quickly.
   Str:       It affects your strength (+3).
   Int:       It affects your intelligence (-4).
   Dex:       It affects your dexterity (+8).
   *Slow:     It may slow you when you take damage.
 A - an amulet of regeneration (around neck)
 C - the ring "Ryenkid" (left hand) {rElec rPois rC+ Str+5 Stlth+}
   (You bought it in a shop on level 6 of the Dungeon)

   [ring of poison resistance]

   Str:       It affects your strength (+5).
   rC:        It protects you from cold.
   rElec:     It insulates you from electricity.
   rPois:     It protects you from poison.
   Stlth:     It makes you more stealthy.
Wands
 o - a wand of flame (25)
 s - a wand of digging (4)
Scrolls
 e - 2 scrolls of magic mapping {unknown}
 i - 2 scrolls of enchant weapon
 k - a scroll of fear
 l - 2 scrolls of fog {unknown}
 y - 3 scrolls of teleportation
 B - a scroll of amnesia {unknown}
 E - a scroll of brand weapon {unknown}
Potions
 j - 4 potions of invisibility
 m - 4 potions of curing
 p - a potion of cancellation
 r - a potion of heal wounds
 t - a potion of flight
 v - 2 potions of lignification
 w - 3 potions of degeneration {unknown}
 z - 2 potions of berserk rage {unknown}
 F - 2 potions of brilliance {unknown}


   Skills:
 * Level 11.4 Fighting
 * Level 11.2 Maces & Flails
 + Level 6.3 Throwing
 + Level 8.5 Armour
 + Level 8.6 Shields


You had 10 spell levels left.
You didn't know any spells.
Your spell library contained the following spells:

 Spells                   Type           Power      Damage    Failure   Level
 Animate Skeleton         Necr           0%         N/A       98%         1
 Apportation              Tloc           0%         N/A       98%         1
 Slow                     Hex            0%         N/A       98%         1
 Summon Small Mammal      Summ           0%         N/A       98%         1
 Corpse Rot               Necr/Air       0%         N/A       99%         2
 Sublimation of Blood     Necr           0%         N/A       99%         2
 Call Canine Familiar     Summ           0%         N/A       100%        3
 Confusing Touch          Hex            0%         N/A       100%        3
 Dazzling Flash           Conj/Hex       0%         N/A       100%        3
 Ignite Poison            Fire/Tmut/Pois 0%         N/A       100%        3
 Mephitic Cloud           Conj/Pois/Air  0%         N/A       100%        3
 Portal Projectile        Hex/Tloc       0%         N/A       100%        3
 Vampiric Draining        Necr           0%         2d6       100%        3
 Iskenderun's Mystic Bla  Conj/Tloc      0%         2d3       100%        4
 Leda's Liquefaction      Hex/Erth       0%         N/A       100%        4
 Excruciating Wounds      Necr           0%         N/A       100%        5
 Freezing Cloud           Conj/Ice/Air   0%         6-21      100%        5
 Starburst                Conj/Fire      0%         6d3       100%        6
 Necromutation            Tmut/Necr      0%         N/A       100%        8


Dungeon Overview and Level Annotations

Branches:
Dungeon (9/15)             Temple (1/1) D:7         Ossuary (visited)
   Lair: D:8-11         Orc: D:9-12

Altars:
Ashenzari
Cheibriados
Dithmenos
Elyvilon
Fedhas
Hepliaklqana
Kikubaaqudgha
Nemelex Xobeh
Okawaru
Qazlal
Ru
Sif Muna
Trog
Uskayaw
Vehumet
Wu Jian
Xom
Yredelemnul
Zin
The Shining One

Shops:
D:4 ?   D:6 =


Innate Abilities, Weirdness & Mutations

You have a pair of horns on your head.
You reflexively headbutt those who attack you in melee.


Message History

The steam dragon is severely wounded.
The bullfrog completely misses you. You furiously retaliate!
You headbutt the bullfrog!
You kill the bullfrog!
Cheibriados thoroughly appreciates the change of pace.
You block the steam dragon's attack. The steam dragon barely misses you.
You hit the steam dragon. You freeze the steam dragon.
You headbutt the steam dragon.
You kill the steam dragon!
Cheibriados appreciates the change of pace.
Cheibriados raises the support of your attributes as your movement slows.
The two-headed ogre is engulfed in a cloud of scalding steam.
You block the kobold brigand's attack. You block the two-headed ogre's attack.
The two-headed ogre hits you with a +0 giant club!
* * * LOW HITPOINT WARNING * * *
As you read the scroll of teleportation, it crumbles to dust.
You feel strangely unstable.
The orc priest casts a cantrip, but nothing happens.
You block the kobold brigand's attack. The yak gores you but does no damage.
You bludgeon the two-headed ogre!! You freeze the two-headed ogre.
The two-headed ogre is almost dead.
The two-headed ogre hits you with a +0 giant club!
* * * LOW HITPOINT WARNING * * *
The two-headed ogre hits you but does no damage.
The kobold brigand barely misses you. You furiously retaliate!
You headbutt the kobold brigand. The yak gores you but does no damage.
You bludgeon the two-headed ogre!! You freeze the two-headed ogre.
You kill the two-headed ogre!
Cheibriados appreciates the change of pace.
The kobold brigand barely misses you. The yak gores you!
* * * LOW HITPOINT WARNING * * *
You have reached level 11!
Your surroundings suddenly seem different.
A troll comes into view.
The troll shouts!
You hear a loud, deep croak!
You hear an angry buzzing noise.
A cyclops comes into view.
The troll bites you.
* * * LOW HITPOINT WARNING * * *
The troll claws you!
You die...

#...# .... ## #' ..
.. #. .# #'#'#
#...# ## # ... .#
#. ##'###C## .# #.
#.@.....# .# #y
#..T....# .#o
#.......# #)#
####'#########4####
.. ............
..#####.###.#4. .#
#.###.#.. ..
#........ #####.###


You could see a cyclops (wandering) and a troll.

Vanquished Creatures
  2 two-headed ogres (D:9)
  Pikel (D:7)
  2 ugly things (D:9)
  An orc sorcerer (D:9)
  A manticore (D:9)
  Maurice (D:9)
  Maggie (D:6)
  A troll (D:9)
  Grinder (D:4)
  A vampire (D:9)
  A steam dragon (D:9)
  2 vampire mosquitoes (D:9)
  3 water moccasins (D:5)
  Duvessa (D:7)
  An orc warrior (D:8)
  2 black bears
  A necrophage (D:3)
  An ice beast (D:6)
  3 ogres
  A lemure (D:7)
  3 phantoms
  3 kobold brigands
  Blork the orc (D:4)
  3 bullfrogs
  A gnoll sergeant (D:7)
  2 scorpions (D:5)
  A wyvern zombie (D:5)
  Dowan (D:7)
  3 killer bees (D:9)
  5 wights (D:7)
  2 electric eels (D:9)
  3 centaur zombies
  A hound (D:7)
  A jelly (D:8)
  3 orc priests
  2 gnoll shamans
  Crazy Yiuf (D:2)
  2 bullfrog skeletons (D:5)
  A scorpion zombie (D:5)
  Natasha (thrice) (D:4)
  4 iguanas (D:5)
  5 orc wizards
  A killer bee zombie (D:7)
  8 mummies (Ossuary)
  9 gnolls
  An adder (D:3)
  3 howler monkey skeletons
  2 worms
  2 dart slugs (D:4)
  12 orcs
  2 bats
  7 endoplasms
  2 giant cockroaches
  7 goblins
  3 hobgoblins
  5 jackals (D:2)
  5 quokkas
  5 ball pythons
  2 frilled lizards
  2 hobgoblin zombies (Ossuary)
  16 kobolds
  4 kobold zombies (Ossuary)
  2 orc zombies (Ossuary)
  3 rats
182 creatures vanquished.

Vanquished Creatures (others)
  An orc priest (D:9)
1 creature vanquished.

Grand Total: 183 creatures vanquished

Notes
Turn   | Place    | Note
-------+----------+-------------------------------------------
     0 | D:1      | adizb the Minotaur Fighter began the quest for the Orb.
     0 | D:1      | Reached XP level 1. HP: 19/19 MP: 0/0
    32 | D:1      | You fall into a shaft and drop 1 floor!
   124 | D:2      | Reached XP level 2. HP: 25/27 MP: 1/1
   569 | D:1      | Reached XP level 3. HP: 33/33 MP: 2/2
   859 | D:1      | Reached skill level 1 in Throwing
  1213 | D:2      | Found a runed translucent door.
  1214 | D:2      | Noticed Crazy Yiuf
  1223 | D:2      | Killed Crazy Yiuf
  1224 | D:2      | Reached XP level 4. HP: 10/41 MP: 3/3
  1230 | D:2      | Identified the +9 mace of Darkness {freeze, rC+ rCorr
                  | Str+2}
  1885 | D:3      | Noticed a necrophage
  1893 | D:3      | Killed a necrophage
  1894 | D:3      | Reached skill level 5 in Fighting
  1894 | D:3      | Reached XP level 5. HP: 22/48 MP: 4/4
  2622 | D:4      | Identified the amulet of Esib {Faith *Slow Str+3 Int-4
                  | Dex+8}
  2827 | D:4      | Noticed Blork the orc
  2833 | D:4      | Killed Blork the orc
  2839 | D:4      | Noticed Grinder
  2857 | D:4      | Killed Grinder
  2858 | D:4      | Reached skill level 5 in Maces & Flails
  2858 | D:4      | Reached XP level 6. HP: 12/57 MP: 5/5
  3108 | D:4      | Found Pitill's Magic Scroll Boutique.
  3119 | D:4      | Noticed Natasha
  3124 | D:4      | Killed Natasha
  3133 | D:4      | Bought a scroll of identify for 28 gold pieces
  3133 | D:4      | Bought a scroll of identify for 28 gold pieces
  3240 | D:4      | Reached XP level 7. HP: 51/62 MP: 6/6
  3264 | D:4      | Found a glowing silver altar of Zin.
  3356 | D:4      | Noticed Natasha
  3359 | D:4      | Killed Natasha
  3399 | D:4      | Reached skill level 5 in Armour
  3399 | D:4      | Reached skill level 5 in Shields
  3475 | D:4      | Noticed Natasha
  3484 | D:4      | Killed Natasha
  3973 | D:5      | Entered Level 5 of the Dungeon
  4019 | D:5      | Reached XP level 8. HP: 71/71 MP: 7/7
  4036 | D:5      | Found a sand-covered staircase.
  4042 | Ossuary  | Entered an ossuary
  4242 | D:5      | Identified a scroll of acquirement
  4243 | D:5      | Acquired 1089 gold pieces
  4835 | D:6      | Reached XP level 9. HP: 59/82 MP: 8/8
  4921 | D:6      | Got Sif Muna's Papyrus of Flames and Stolen Souls
  5216 | D:6      | Noticed Maggie
  5228 | D:6      | Found Fantobyh's Jewellery Shoppe.
  5421 | D:7      | Noticed Pikel
  5434 | D:7      | Killed Pikel
  5438 | D:7      | Noticed Dowan
  5443 | D:7      | Killed Dowan
  5494 | D:7      | Noticed Duvessa
  5502 | D:7      | Killed Duvessa
  5567 | D:6      | Killed Maggie
  5573 | D:6      | Bought the ring "Ryenkid" {rElec rPois rC+ Str+5 Stlth+}
                  | for 705 gold pieces
  5598 | D:7      | Reached skill level 5 in Throwing
  5795 | D:7      | Found a staircase to the Ecumenical Temple.
  5820 | Temple   | Entered the Ecumenical Temple
  5917 | Temple   | Became a worshipper of Cheibriados the Contemplative
  6256 | D:8      | Identified the +9 dagger "Vianwofe" {drain, rF+ Str+4}
  6415 | D:8      | Reached XP level 10. HP: 93/93 MP: 9/9
  6490 | D:8      | Reached skill level 10 in Fighting
  6709 | D:8      | Found a white marble altar of Elyvilon.
  6778 | D:9      | Reached * piety under Cheibriados
  6880 | D:9      | Noticed a purple ugly thing
  6880 | D:9      | Noticed a manticore
  6880 | D:9      | Noticed Maurice
  6883 | D:9      | Noticed a brown ugly thing
  6888 | D:9      | Noticed a centaur warrior
  6890 | D:9      | Killed a purple ugly thing
  6890 | D:9      | Noticed an orc sorcerer
  6891 | D:9      | Reached skill level 10 in Maces & Flails
  6893 | D:9      | Noticed a deep elf zephyrmancer
  6896 | D:9      | Killed a brown ugly thing
  6903 | D:9      | Killed Maurice
  6910 | D:9      | Killed a manticore
  6919 | D:9      | Found a radiant altar of Vehumet.
  7165 | D:9      | Killed an orc sorcerer
  7191 | D:9      | Noticed a two-headed ogre
  7198 | D:9      | Noticed a two-headed ogre
  7200 | D:9      | Killed a two-headed ogre
  7204 | D:9      | Reached ** piety under Cheibriados
  7207 | D:9      | Killed a two-headed ogre
  7207 | D:9      | HP: 4/96 [yak (9)]
  7208 | D:9      | Reached XP level 11. HP: 4/102 MP: 10/10
  7208 | D:9      | Slain by a troll

Illustrated notes

Levels and vault maps discovered:
D:1:      ncdulo_halloftheorcs, layout_loops_ring, minmay_tripent
D:2:      layout_basic, dk_noncrumbling_3, uniq_crazy_yiuf_cottage
D:3:      layout_loops_corners, chequers_mini_garden
D:4:      layout_basic, zin_academy, serial_shops, nicolae_shop_statue_plus,
          st_stairs_7, uniq_natasha, uniq_blork_the_orc, uniq_grinder
D:5:      layout_layer_cave, nicolae_ossuary_entry_plus, st_stairs_3
D:6:      layout_loops_ring, nicolae_take_the_stairs,
          chequers_serial_rivers_large_a, uniq_maggie
D:7:      layout_basic, minmay_temple_entry_metal_lava,
          kennysheep_generic_room_4, uniq_duvessa, uniq_pikel
D:8:      layout_loops_corners, kennysheep_mini
D:9:      minmay_the_grid_3x2 [minmay_the_grid_minigrid_small,
          minmay_the_grid_rooms, minmay_the_grid_paths,
          minmay_the_grid_tri_star, minmay_the_grid_tree,
          minmay_the_grid_prize_four_corners_diamond_b], layout_loops_corners,
          fiery_altar_vehumet, erik_orc_2, minivault_10, st_stairs_10,
          uniq_maurice
Temple:   mainiacjoe_temple_bowtie_tessellation

Skill      XL: |  1  2  3  4  5  6  7  8  9 10 |
---------------+-------------------------------+-----
Fighting       | 4 5 6 8 9 11 | 11.4
Maces & Flails | 3 4 5 6 7 9 11 | 11.2
Throwing       | 1 2 3 4 5 6 |  6.3
Armour         | 4 5 6 7 8 |  8.5
Shields        | 4 5 6 7 8 |  8.6

Action                   |  1- 3 |  4- 6 |  7- 9 | 10-12 || total
-------------------------+-------+-------+-------+-------++-------
Melee: Flail             |    61 |       |       |       ||    61
       Headbutt          |    13 |     4 |    46 |    19 ||    82
       Mace              |       |    55 |   195 |   115 ||   365
Throw: Dart              |     2 |     9 |    12 |       ||    23
       Boomerang         |       |       |    49 |       ||    49
  Use: Potion            |     2 |       |       |     3 ||     5
       Scroll            |       |     6 |     8 |     2 ||    16
Armor: Scale mail        |    17 |    27 |     9 |       ||    53
       Chain mail        |       |       |    52 |    64 ||   116
Dodge: Dodged            |    21 |    16 |    36 |    46 ||   119
Block: Buckler           |    19 |    12 |     8 |       ||    39
       Kite shield       |       |       |    62 |    78 ||   140
